 Dungeon Crawl Stone Soup version 0.17.0 (console) character file.

91 2d6 the Skirmisher (level 4, -10/37 HPs)
             Began as a Human Wanderer on Nov 7, 2015.
             Mangled by a crimson imp
             ... wielding a +0 dagger of chaos
              (20 damage)
             ... while paralysed by a crimson imp
             ... on level 3 of the Dungeon.
             The game lasted 00:21:18 (1871 turns).

2d6 the Skirmisher (Human Wanderer)                 Turns: 1871, Time: 00:21:18

Health: -10/37     AC:  6    Str: 16    XL:     4   Next: 88%
Magic:  4/4        EV:  2    Int: 17    God:    Xom [..*...]
Gold:   95         SH:  0    Dex: 10    Spells: 0 memorised, 3 levels left

rFire  . . .     SeeInvis .     B - -2 hunting sling (curse)
rCold  + . .     Clarity  .     C - +0 scale mail
rNeg   . . .     SustAt   .     (no shield)
rPois  .         Gourm    .     (no helmet)
rElec  .         Spirit   .     (no cloak)
rCorr  .         Warding  .     (no gloves)
rMut   .         Stasis   .     (no boots)
MR     .....                    (no amulet)
Stlth  ..........               (no ring)
                                k - ring of protection from cold

@: paralysed, mighty, not resistant to hostile enchantments, extremely
unstealthy
A: no striking features
a: Renounce Religion


You were on level 3 of the Dungeon.
You worshipped Xom.
You were a toy of Xom.
You were not hungry.

You visited 1 branch of the dungeon, and saw 3 of its levels.

You collected 95 gold pieces.

Inventory:

Hand Weapons
 a - a +2 hand axe
 h - a +0 dagger
 j - a +0 dagger
 t - a +0 mace
 y - a +0 hunting sling
 B - a cursed -2 hunting sling (weapon)
Missiles
 i - 13 poisoned bolts
 p - 48 arrows
 u - 7 stones (quivered)
 w - 14 poisoned needles
Armour
 b - a +0 animal skin
 d - a +0 robe
 C - a +0 scale mail (worn)
Jewellery
 k - a ring of protection from cold (left hand)
Scrolls
 c - a scroll of identify
 g - a scroll of fear
 n - a scroll of teleportation
 x - a scroll of enchant armour
Potions
 m - a potion of beneficial mutation {unknown}
 o - a potion of cancellation {unknown}
 q - 3 potions of curing
 r - a potion of might
 z - a potion of brilliance {unknown}
 A - a potion of invisibility {unknown}
Comestibles
 e - 2 bread rations
 l - a royal jelly
 s - a beef jerky
 v - a meat ration
 D - 2 chunks of flesh


   Skills:
 - Level 4.0 Fighting
 + Level 2.8(2.9) Axes
   Level 1.0(2.0) Polearms
 * Level 0.0 Throwing
 + Level 3.0 Armour
 - Level 1.0 Dodging
   Level 1.0 Shields
   Level 1.0 Evocations


You had 3 spell levels left.
You didn't know any spells.

Dungeon Overview and Level Annotations

Branches:
Dungeon (3/15)

Altars:
Xom


Message History

The crimson imp hits you but does no damage.
You are electrocuted!
Firing (i - inventory):
u - 8 stones (quivered)
Press: ? - help, Shift-Dir - straight line, f/p - crimson imp
Aim: a crimson imp, wielding a dagger of chaos
Okay, then.
Firing (i - inventory):
u - 8 stones (quivered)
Press: ? - help, Shift-Dir - straight line, f/p - crimson imp
Aim: a crimson imp, wielding a dagger of chaos You shoot a stone.
The stone hits the crimson imp.
The crimson imp is lightly wounded.
The crimson imp hits you but does no damage.
The crimson imp hits you with a dagger of chaos.
* * * LOW HITPOINT WARNING * * *
You suddenly lose the ability to move!
The crimson imp hits you but does no damage.
You are electrocuted!
Ouch! That really hurt!
You die...
Xom guffaws!

#.....####)............#.
#....).<..........<..
#######......>)......
#.............. ####
#..(........... ##.(##
#.............. ##.(.(##
#..............
##(..((.#####.............
..(.(.....5@####...........#
((##......#(((############.#
( ##....####((...## #.#
##((## #####..# #.# ####
##.### #.# #.†.# #.# ###.#
#.# #.#####.# #........


You could see a crimson imp.

Vanquished Creatures
  Natasha (thrice) (D:2)
  Robin (D:2)
  3 orcs (D:3)
  3 giant cockroaches
  9 hobgoblins
  3 kobolds
  A quokka (D:2)
  3 bats
  3 giant newts
  10 goblins
  5 rats
44 creatures vanquished.

Notes
Turn   | Place    | Note
--------------------------------------------------------------
     0 | D:1      | 2d6 the Human Wanderer began the quest for the Orb.
     0 | D:1      | 2d6 set off with: a +2 hand axe, a +0 mace, a potion of lignification, a +0 robe, a bread ration
     0 | D:1      | Reached XP level 1. HP: 18/18 MP: 1/1
   418 | D:1      | Reached XP level 2. HP: 16/24 MP: 2/2
   756 | D:2      | Noticed Robin
   781 | D:2      | Reached XP level 3. HP: 13/29 MP: 3/3
   830 | D:2      | Killed Robin
  1020 | D:2      | Noticed Natasha
  1027 | D:2      | Killed Natasha
  1027 | D:2      | Reached XP level 4. HP: 28/37 MP: 4/4
  1146 | D:2      | Reached skill level 4 in Fighting
  1282 | D:2      | Noticed Natasha
  1289 | D:2      | Killed Natasha
  1599 | D:2      | Noticed Natasha
  1605 | D:2      | Killed Natasha
  1745 | D:3      | Found a shimmering altar of Xom.
  1749 | D:3      | Became a worshipper of Xom of Many Doors
  1825 | D:3      | XOM: harmless Fire miscast
  1843 | D:3      | Reached skill level 1 in Dodging
  1870 | D:3      | Paralysed by a crimson imp for 4 turns
  1871 | D:3      | Mangled by a crimson imp

Action                   |  1- 3 |  4- 6 || total
-------------------------+-------+-------++-------
Melee: Hand axe          |    63 |    41 ||   104
       Hunting sling     |       |    28 ||    28
 Fire: Hunting sling     |       |    85 ||    85
  Use: Potion            |     2 |     3 ||     5
       Scroll            |       |     4 ||     4
  Eat: Chunk             |       |     3 ||     3
